 Seeded DCSS version 0.27-a0-998-g4cfe56dd59 (webtiles) character file.

Game seed: 20210417 (custom seed)

348 Snicker the Chopper (level 6, -2/51 HPs)
             Began as a Minotaur Gladiator on Apr 17, 2021.
             Slain by an ogre
             ... wielding a +0 giant spiked club
              (27 damage)
             ... on level 4 of the Dungeon.
             The game lasted 00:05:07 (3459 turns).

Snicker the Chopper (Minotaur Gladiator)            Turns: 3459, Time: 00:05:08

Health: -2/51      AC:  6    Str: 19    XL:     6   Next: 33%
Magic:  5/5        EV: 12    Int:  5    God:
Gold:   147        SH:  0    Dex: 13    Spells: 5/5 levels left

rFire    + . .     SeeInvis .   n - +0 battleaxe
rCold    . . .     Faith    .   (shield currently unavailable)
rNeg     . . .     Spirit   .   l - +1 ring mail {rF+}
rPois    .         Reflect  .   c - +0 hat
rElec    .         Harm     .   (no cloak)
rCorr    .         Rampage  .   (no gloves)
Will     .....                  (no boots)
Stlth    +.........             (no amulet)
HPRegen  0.17/turn              (no ring)
MPRegen  0.09/turn              (no ring)

@: no status effects
A: horns 2, retaliatory headbutt
a: no special abilities


You were on level 4 of the Dungeon.
You visited 1 branch of the dungeon, and saw 4 of its levels.

You collected 147 gold pieces.

Inventory:

Hand Weapons
 a - a +0 war axe
 n - a +0 battleaxe (weapon)
Missiles
 d - 3 throwing nets (quivered)
Armour
 b - a +0 leather armour
 c - a +0 hat (worn)
 l - a +1 ring mail of fire resistance (worn)
Jewellery
 t - a ring of positive energy
Scrolls
 e - a scroll of teleportation {unknown}
 h - a scroll of fear {unknown}
 i - 2 scrolls of enchant armour {unknown}
 j - 2 scrolls of identify {unknown}
 m - a scroll of enchant weapon {unknown}
 q - a scroll of holy word {unknown}
 r - a scroll of immolation {unknown}
 s - a scroll of torment {unknown}
 v - a scroll of noise {unknown}
Potions
 f - 2 potions of berserk rage {unknown}
 g - 2 potions of attraction {unknown}
 k - a potion of curing {unknown}
 o - a potion of might {unknown}
 p - a potion of magic {unknown}
 u - a potion of cancellation {unknown}


   Skills:
 + Level 3.5 Fighting
 + Level 6.2 Axes
 + Level 2.2 Throwing
 + Level 3.4 Armour
 + Level 4.4 Dodging
 + Level 0.8 Stealth


You had 5 spell levels left.
You didn't know any spells.
Your spell library was empty.

Dungeon Overview and Level Annotations

Branches:
Dungeon (4/15)
 Temple: D:4-7

Altars:
Ashenzari
Gozag

Annotations:
D:4 3 runed translucent doors, Busket's ghost, amateur DjFE


Innate Abilities, Weirdness & Mutations

You have a pair of horns on your head.
You reflexively headbutt those who attack you in melee.


Message History

The hound barks!
A hound is nearby!
A hound is nearby!
You hit the hound. You headbutt the hound!
The hound is almost dead.
The hound bites you but does no damage. x3
You closely miss the hound.
The hound is almost dead.
The hound bites you but does no damage. The hound misses you.
You furiously retaliate!
You headbutt the hound!
You kill the hound!
You see here a hound corpse.
Found a stone staircase leading down.
You now have 147 gold pieces (gained 13).
There is a stone staircase leading down here.
A hobgoblin comes into view.
The hobgoblin shouts!
You hear a shout!
An ogre comes into view. It is wielding a +0 giant spiked club.
The hobgoblin moves out of view.
An ogre is nearby!
Found a stone staircase leading up.
The hobgoblin hits you.
Found 13 gold pieces.
Found a stone staircase leading down.
You hit the hobgoblin.
You kill the hobgoblin!
You see here a hobgoblin corpse.
You hit the ogre.
The ogre is lightly wounded.
The ogre misses you.
You hit the ogre.
The ogre is lightly wounded.
The ogre closely misses you.
You hit the ogre.
The ogre is moderately wounded.
The ogre hits you with a +0 giant spiked club!!
You slash the ogre!
The ogre is severely wounded.
The ogre hits you with a +0 giant spiked club!!
Ouch! That really hurt!
You die...

##.##
##.######.##>...
##.###.##
#.######
##.###### #.#
#...#...# #.#
#.###.>.# #.#
#.# ....# #.#
#.##...# #.#
#.#....# #..@..#
#..O⌠.# ##....#
##....# ##...#
....# #.<.# ..$#


You could see an ogre.

Vanquished Creatures
  A steam dragon (D:3)
  A scorpion (D:4)
  A hound (D:4)
  An orc wizard (D:2)
  3 adders
  A worm (D:3)
  3 dart slugs
  3 orcs (D:2)
  10 ball pythons
  5 bats
  2 endoplasms (D:2)
  4 giant cockroaches
  3 goblins
  9 hobgoblins
  4 jackals (D:1)
  4 quokkas
  2 frilled lizards
  6 kobolds
  7 rats
70 creatures vanquished.

Notes
Turn   | Place    | Note
-------+----------+-------------------------------------------
     0 | D:1      | Snicker the Minotaur Gladiator began the quest for the Orb.
     0 | D:1      | Reached XP level 1. HP: 18/18 MP: 0/0
   104 | D:1      | Reached skill level 4 in Axes
   104 | D:1      | Reached XP level 2. HP: 24/25 MP: 1/1
   782 | D:1      | Reached XP level 3. HP: 30/30 MP: 2/2
  1339 | D:2      | Reached skill level 1 in Armour
  1359 | D:2      | Reached XP level 4. HP: 25/37 MP: 3/3
  1679 | D:2      | Reached skill level 5 in Axes
  2296 | D:3      | Found a broken altar of Ashenzari.
  2799 | D:3      | Noticed a steam dragon
  2808 | D:3      | Killed a steam dragon
  2809 | D:3      | Reached XP level 5. HP: 14/45 MP: 4/4
  3147 | D:3      | Found an opulent altar of Gozag.
  3348 | D:4      | Found a runed translucent gate.
  3348 | D:4      | Found a runed translucent gate.
  3348 | D:4      | Found a runed translucent gate.
  3348 | D:4      | Noticed Busket's ghost (amateur DjFE)
  3353 | D:4      | Reached skill level 6 in Axes
  3353 | D:4      | Reached XP level 6. HP: 51/51 MP: 5/5
  3459 | D:4      | Slain by an ogre

Illustrated notes

Levels and vault maps discovered:
D:1:      ncdulo_halloftheorcs, layout_loops_ring
D:2:      layout_rooms, serial_forest, infiniplex_forest_straight_4,
          infiniplex_forest_lined_ring, infiniplex_forest_corner_1,
          infiniplex_forest_straight_5, infiniplex_forest_lined_corner
D:3:      minmay_inner_zag, layout_basic, nicolae_gozag_seed_capital,
          ashenzari_altar_1
D:4:      layout_loops_ring, lemuel_tele_altar,
          nicolae_yredelemnul_ghost_church, grunt_ministairs_12,
          chequers_serial_rivers_small_b

Skill      XL: |  1  2  3  4  5 |
---------------+----------------+-----
Axes           | 4 5 6 |  6.2
Armour         | 1 3 |  3.4
Fighting       | 3 |  3.5
Dodging        | 4 |  4.4
Throwing       | |  2.2
Stealth        | |  0.8

Action                   |  1- 3 |  4- 6 || total
-------------------------+-------+-------++-------
Melee: War axe           |    75 |    45 ||   120
       Headbutt          |     8 |     9 ||    17
       Battleaxe         |       |    38 ||    38
 Stab: Sleeping          |     1 |       ||     1
Armor: Leather armour    |    26 |     6 ||    32
       Ring mail         |       |    36 ||    36
Dodge: Dodged            |    59 |    53 ||   112

Table legend: (Time is in decaauts)
 A = Elapsed time spent in this place.
 B = Non-inter-level travel time spent in this place.
 C = Inter-level travel time spent in this place.
 D = Time resting spent in this place.
 E = Time spent auto-exploring this place.
 F = Levels seen in this place.
 G = Mean time per level.
                   A        B        C        D        E       F      G
               +--------+--------+--------+--------+--------+-----+--------+
         Total |   3507 |   3337 |    170 |    470 |   2334 |   4 |  876.8 |
       Dungeon |   3507 |   3337 |    170 |    470 |   2334 |   4 |  876.8 |
               +--------+--------+--------+--------+--------+-----+--------+

Top non-repeatable levels by time:
     D:2: 1228 daAuts
     D:3: 1208 daAuts
     D:1: 953 daAuts
     D:4: 116 daAuts
